 Dungeon Crawl Stone Soup version 0.29.1-2-gbd0b4ee654 (console) character file.

Game seed: 6282990943965577502

21 om the Trooper (level 2, 0/25 HPs)
             Began as a Palentonga Fighter on Oct 25, 2022.
             Succumbed to an adder's poison
             ... on level 1 of the Dungeon.
             The game lasted 00:02:09 (935 turns).

om the Trooper (Palentonga Fighter)                  Turns: 935, Time: 00:02:09

Health: 0/25       AC:  6    Str: 21    XL:     2   Next: 65%
Magic:  2/2        EV:  7    Int:  8    God:
Gold:   34         SH:  4    Dex:  9    Spells: 1/1 levels left

rFire   . . .      SeeInvis +   a - +0 war axe
rCold   . . .      Faith    .   c - +0 buckler
rNeg    . . .      Spirit   .   b - +0 scale mail
rPois   .          Reflect  .   (no helmet)
rElec   .          Harm     .   (no cloak)
rCorr   .          Rampage  .   (no gloves)
Will    .....                   (no barding)
Stlth   ..........              (no amulet)
HPRegen 0.08/turn               (no ring)
MPRegen 0.08/turn               (no ring)

@: mighty, lethally poisoned (0 -> -6)
A: large, rugged brown scales 3, see invisible, deformed body, roll 1, armoured
tail
a: Rolling Charge


You were on level 1 of the Dungeon.
You visited 1 branch of the dungeon, and saw 2 of its levels.

You collected 34 gold pieces.

Inventory:

Hand Weapons
 a - a +0 war axe (weapon)
Armour
 b - a +0 scale mail (worn)
 c - a +0 buckler (worn)
Jewellery
 f - a ring of magical power
Scrolls
 e - a scroll of enchant weapon {unknown}
 g - 3 scrolls of identify {unknown}
 h - 3 scrolls of teleportation {unknown}


   Skills:
 + Level 3.1 Fighting
 * Level 2.5 Axes
 + Level 2.6 Armour
 + Level 0.4 Dodging
 + Level 2.8 Shields


You had one spell level left.
You didn't know any spells.
Your spell library was empty.

Dungeon Overview and Level Annotations

Branches:
Dungeon (2/15)

Altars:

Shops:
D:1 [

Annotations:
D:2 Robin


Innate Abilities, Weirdness & Mutations

You are completely covered in rugged brown scales. (AC +3, +7% HP)
You have supernaturally acute eyesight. (SInv)
Armour fits poorly on your strangely shaped body.
You can roll at nearby foes to attack.
You have a long armoured tail.


Message History

The adder attacks as you move away! The adder barely misses you.
You see here a +0 dagger.
Robin roars a battlecry!
The goblin goes into a battle-frenzy!
The adder bites you but does no damage.
You hear a shout! x2
The adder bites you but does no damage.
There is a stone staircase leading up here.
The adder bites you but does no damage.
You climb upwards.
There is a stone staircase leading down here.
You are too injured to fight recklessly!
You miss the adder.
Your tail-slap misses the adder.
The adder is heavily wounded.
The adder barely misses you. The adder bites you but does no damage.
You are too injured to fight recklessly!
You closely miss the adder.
Your tail-slap misses the adder.
The adder is heavily wounded.
The adder bites you.
You are poisoned.
The adder poisons you! The adder bites you but does no damage.
You barely miss the adder.
The adder is heavily wounded.
You feel sick.
The adder bites you but does no damage. x2
You are too injured to fight recklessly!
You miss the adder.
The adder is heavily wounded.
You feel sick. You block the adder's attack. The adder barely misses you.
You barely miss the adder.
The adder is heavily wounded.
You feel sick. The adder bites you.
* * * LOW HITPOINT WARNING * * *
You are lethally poisoned!
The adder poisons you!
You miss the adder.
The adder is heavily wounded.
* * * LOW HITPOINT WARNING * * *
You feel sick. The adder closely misses you. x2
You feel very mighty all of a sudden.
You die...

##[# ##.##.....##.#####.#####
##.####..#...................#
............P#~#P.....P#~#P..#
...(.##.##.P##~##P...P##~##P.#
##.####..#..~~~~~..<..~~~~~..#
...# #....P##~##P...P##~##P.#
#### #.##..P#~#P.....P#~#P..#
#.##.......S...........#
#.#######.@.......##.### #...#
#............# ###.#
#..........### #.#
###...##.#.# #.# #...##.#.#
#.# ######.#.# #.# #.#.# #.#
#.#.# #.# #.#.#


You could see an adder.

Vanquished Creatures
  A dart slug (D:1)
  An endoplasm (D:1)
  3 giant cockroaches (D:1)
  A goblin (D:2)
  3 hobgoblins
  2 jackals (D:1)
  2 quokkas (D:1)
  A ball python (D:1)
  2 rats (D:1)
16 creatures vanquished.

Notes
Turn   | Place    | Note
-------+----------+-------------------------------------------
     0 | D:1      | om the Palentonga Fighter began the quest for the Orb.
     0 | D:1      | Reached XP level 1. HP: 19/19 MP: 1/1
    55 | D:1      | Found Kirrimotz's Armour Shop.
   296 | D:1      | Reached XP level 2. HP: 25/25 MP: 2/2
   909 | D:2      | Noticed Robin
   935 | D:1      | Succumbed to an adder's poison

Illustrated notes

Levels and vault maps discovered:
D:1:      eino_arrival_water_cross, layout_loops_ring, serial_shops,
          nicolae_shop_trees, minivault_23
D:2:      wander_river, layout_loops_ring, basic_altar, uniq_robin,
          uniq_crazy_yiuf_cottage

Action                   || total
-------------------------++-------
Melee: War axe           ||    51
       Tailslap          ||     5
 Abil: Rolling Charge    ||     8
  Use: Potion            ||     1
Armor: Scale mail        ||    32
Dodge: Dodged            ||    23
Block: Buckler           ||     6
